APP
MIAMI (APP) MARLINS @ SAN DIEGO (APP) PADRES
09/16/2049
 
TOP OF THE 1ST
Miami (APP) Marlins batting - Pitching for San Diego (APP) Padres : RHP Sam Barbuto
Pitching: RHP Sam Barbuto
Batting: RHB Torquato Uso 0-0: Ball
1-0: SINGLE (Groundball, 6M, EV 109.4 MPH) (infield hit)
Batting: RHB Terrell Smith 0-0: Ball
1-0: Foul Ball, location: 2F
1-1: Called Strike
1-2: Strikes out swinging
Batting: RHB Clark Meagher 0-0: Ball
Torquato Uso steals 2nd base (no throw)
1-0: Ball
2-0: Swinging Strike
2-1: Foul Ball, location: 2F
2-2: Ball
3-2: Base on Balls
Batting: LHB Tony Olmos 0-0: Called Strike
0-1: Ball
1-1: Called Strike
1-2: Foul Ball, location: 2F
1-2: Ball
2-2: Ball
3-2: Fly out, F9 (Flyball, 9S, EV 91.9 MPH)
Batting: RHB David Martin 0-0: Foul Ball, location: 2F
0-1: Ground out 3-1 (Groundball, 34S, EV 88.1 MPH)
Top of the 1st over - 0 runs, 1 hit, 0 errors, 2 left on base; Miami (APP) 0 - San Diego (APP) 0
BOTTOM OF THE 1ST
San Diego (APP) Padres batting - Pitching for Miami (APP) Marlins : RHP Leon Valle
Pitching: RHP Leon Valle
Batting: RHB Alex Collazo 0-0: Ball
1-0: Foul Ball, location: 2F
1-1: Foul Ball, location: 2F
1-2: Ball
2-2: Foul Ball, location: 2F
2-2: Ground out 4-3 (Groundball, 4M, EV 86.9 MPH)
Batting: RHB Adrian Cook 0-0: Ball
1-0: Foul Ball, location: 2F
1-1: TRIPLE (Line Drive, 8RXD, EV 100.6 MPH)
Batting: LHB Justin Daley 0-0: Ball
1-0: Foul Ball, location: 2F
1-1: Ball
2-1: Called Strike
2-2: Ground out 3-1 (Groundball, 34S, EV 88.8 MPH)
Adrian Cook scores
Batting: RHB Eric McMillian 0-0: Called Strike
0-1: Ball
1-1: Ball
2-1: Ground out 6-3 (Groundball, 6, EV 90.0 MPH)
Bottom of the 1st over - 1 run, 1 hit, 0 errors, 0 left on base; Miami (APP) 0 - San Diego (APP) 1
TOP OF THE 2ND
Miami (APP) Marlins batting - Pitching for San Diego (APP) Padres : RHP Sam Barbuto
Batting: RHB Kazumi Inouye 0-0: Called Strike
0-1: Ball
1-1: Ball
2-1: Ground out 6-3 (Groundball, 6, EV 83.8 MPH)
Batting: RHB Robbie Gomez 0-0: Called Strike
0-1: Foul Ball, location: 2F
0-2: Ball
1-2: Strikes out swinging
Batting: RHB Adrian Bocker 0-0: Ball
1-0: Ball
2-0: Ball
3-0: Base on Balls
Batting: RHB Hektor Luvian 0-0: Fly out, F8 (Flyball, 8LXD, EV 103.1 MPH)
Top of the 2nd over - 0 runs, 0 hits, 0 errors, 1 left on base; Miami (APP) 0 - San Diego (APP) 1
BOTTOM OF THE 2ND
San Diego (APP) Padres batting - Pitching for Miami (APP) Marlins : RHP Leon Valle
Batting: RHB Phil McFadden 0-0: SINGLE (Flyball, 89S, EV 90.0 MPH)
Batting: RHB Norinaga Yamakawakamatsu 0-0: Fielders Choice at 2nd, 3-6 (Groundball, 3, EV 111.2 MPH)
Batting: RHB Max Stillo 0-0: Called Strike
0-1: Ball
Wild Pitch!
Norinaga Yamakawakamatsu to second
1-1: Ball
2-1: Foul Ball, location: 2F
2-2: Strikes out swinging
Batting: LHB Gary Corrales 0-0: Ball
1-0: Fly out, F7 (Flyball, 7D, EV 92.5 MPH)
Bottom of the 2nd over - 0 runs, 1 hit, 0 errors, 1 left on base; Miami (APP) 0 - San Diego (APP) 1
TOP OF THE 3RD
Miami (APP) Marlins batting - Pitching for San Diego (APP) Padres : RHP Sam Barbuto
Batting: RHB Torquato Uso 0-0: Ball
1-0: Foul Ball, location: 2F
1-1: Called Strike
1-2: Ball
2-2: Strikes out swinging
Batting: RHB Terrell Smith 0-0: Ball
1-0: Ball
2-0: Called Strike
2-1: Called Strike
2-2: Ball
3-2: Ground out 1-3 (Groundball, 13S, EV 63.8 MPH)
Batting: RHB Clark Meagher 0-0: Ball
1-0: Ball
2-0: Called Strike
2-1: Called Strike
2-2: Ball
3-2: Foul Ball, location: 2F
3-2: Strikes out swinging
Top of the 3rd over - 0 runs, 0 hits, 0 errors, 0 left on base; Miami (APP) 0 - San Diego (APP) 1
BOTTOM OF THE 3RD
San Diego (APP) Padres batting - Pitching for Miami (APP) Marlins : RHP Leon Valle
Batting: RHB Gabriel Diaz 0-0: Swinging Strike
0-1: Ground out 5-3 (Groundball, 56S, EV 94.4 MPH)
Batting: RHB Alex Collazo 0-0: Ball
1-0: Foul Ball, location: 2F
1-1: Reached on error, E6 (Groundball, 6M, EV 101.9 MPH)
Batting: RHB Adrian Cook 0-0: Called Strike
0-1: Ball
1-1: Ball
2-1: Swinging Strike
2-2: Foul Ball, location: 2F
2-2: Ball
3-2: Foul Ball, location: 2F
3-2: Foul Ball, location: 2F
3-2: Foul Ball, location: 2F
3-2: Base on Balls
Batting: LHB Justin Daley 0-0: Called Strike
0-1: Ball
1-1: Foul Ball, location: 2F
1-2: Foul Ball, location: 2F
1-2: Foul Ball, location: 2F
1-2: Ball
2-2: Strikes out swinging
Batting: RHB Eric McMillian 0-0: Fly out, F8 (Flyball, 8LD, EV 88.8 MPH)
Bottom of the 3rd over - 0 runs, 0 hits, 1 error, 2 left on base; Miami (APP) 0 - San Diego (APP) 1
TOP OF THE 4TH
Miami (APP) Marlins batting - Pitching for San Diego (APP) Padres : RHP Sam Barbuto
Batting: LHB Tony Olmos 0-0: Ball
1-0: Called Strike
1-1: Ball
2-1: Foul Ball, location: 2F
2-2: Strikes out swinging
Batting: RHB David Martin 0-0: DOUBLE (Flyball, 89XD, EV 92.5 MPH)
Batting: RHB Kazumi Inouye 0-0: Called Strike
0-1: Ball
1-1: Ball
2-1: Foul Ball, location: 2F
2-2: DOUBLE (Line Drive, 8LD, EV 108.1 MPH)
David Martin scores
Batting: RHB Robbie Gomez 0-0: Called Strike
0-1: Ball
1-1: Foul Ball, location: 2F
1-2: Ball
2-2: Fly out, F9 (Flyball, 89M, EV 76.2 MPH)
Batting: RHB Adrian Bocker 0-0: Ball
1-0: Called Strike
1-1: Foul Ball, location: 2F
1-2: Ball
2-2: Strikes out swinging
Top of the 4th over - 1 run, 2 hits, 0 errors, 1 left on base; Miami (APP) 1 - San Diego (APP) 1
BOTTOM OF THE 4TH
San Diego (APP) Padres batting - Pitching for Miami (APP) Marlins : RHP Leon Valle
Batting: RHB Phil McFadden 0-0: Ball
1-0: Ball
2-0: Ball
3-0: Base on Balls
Batting: RHB Norinaga Yamakawakamatsu 0-0: Ball
1-0: SINGLE (Line Drive, 9LS, EV 100.0 MPH)
Phil McFadden to second
Runner from 2nd tries for 3rd, SAFE, throw by RF made to third
Batting: RHB Max Stillo 0-0: Ball
1-0: Swinging Strike
1-1: Called Strike
1-2: Foul Ball, location: 2F
1-2: Ball
2-2: Foul Ball, location: 2F
2-2: Ball
3-2: Foul Ball, location: 2F
3-2: Strikes out looking
Batting: LHB Gary Corrales 0-0: Called Strike
0-1: Called Strike
0-2: Ball
1-2: Fly out, F7 (Flyball, 7LMF, EV 91.2 MPH)
Batting: RHB Gabriel Diaz 0-0: Ball
1-0: Called Strike
1-1: Foul Ball, location: 2F
1-2: Ball
2-2: Strikes out swinging
Bottom of the 4th over - 0 runs, 1 hit, 0 errors, 2 left on base; Miami (APP) 1 - San Diego (APP) 1
TOP OF THE 5TH
Miami (APP) Marlins batting - Pitching for San Diego (APP) Padres : RHP Sam Barbuto
Batting: RHB Hektor Luvian 0-0: Ball
1-0: Ball
2-0: Ball
3-0: Called Strike
3-1: Fly out, F7 (Flyball, 7, EV 83.1 MPH)
Batting: RHB Torquato Uso 0-0: Ball
1-0: Ground out 1-3 (Groundball, P, EV 64.4 MPH)
Batting: RHB Terrell Smith 0-0: Foul Ball, location: 2F
0-1: Ball
1-1: Ball
2-1: Ball
3-1: Base on Balls
Pitching: RHP Danny Araiza
Batting: RHB Clark Meagher 0-0: Ball
Wild Pitch!
Terrell Smith to second
1-0: Ball
2-0: Ball
3-0: Called Strike
3-1: Foul Ball, location: 2F
3-2: Strikes out swinging, 2-3 out at first.
Top of the 5th over - 0 runs, 0 hits, 0 errors, 1 left on base; Miami (APP) 1 - San Diego (APP) 1
BOTTOM OF THE 5TH
San Diego (APP) Padres batting - Pitching for Miami (APP) Marlins : RHP Leon Valle
Batting: RHB Alex Collazo 0-0: Called Strike
0-1: Ground out 6-3 (Groundball, 6, EV 78.8 MPH)
Batting: RHB Adrian Cook 0-0: Called Strike
0-1: Called Strike
0-2: Ball
1-2: Fly out, F9 (Line Drive, 9S, EV 98.1 MPH)
Pitching: RHP Carlos Segura
Batting: LHB Justin Daley 0-0: Ball
1-0: Foul Ball, location: 2F
1-1: Foul Ball, location: 2F
1-2: Strikes out swinging
Bottom of the 5th over - 0 runs, 0 hits, 0 errors, 0 left on base; Miami (APP) 1 - San Diego (APP) 1
TOP OF THE 6TH
Miami (APP) Marlins batting - Pitching for San Diego (APP) Padres : RHP Danny Araiza
Batting: LHB Tony Olmos 0-0: Called Strike
0-1: Ball
1-1: Ball
2-1: Foul Ball, location: 2F
2-2: Ball
3-2: Base on Balls
Batting: RHB David Martin 0-0: Called Strike
0-1: Ball
1-1: Ball
2-1: Called Strike
2-2: SINGLE (Flyball, 56D, EV 92.5 MPH)
Tony Olmos to second
Batting: RHB Kazumi Inouye 0-0: Ball
1-0: Foul Ball, location: 2F
1-1: SINGLE (Groundball, 4M, EV 107.5 MPH) (infield hit)
Tony Olmos to third
David Martin to second
Batting: RHB Robbie Gomez 0-0: Foul Ball, location: 2F
0-1: GRAND SLAM HOME RUN (Flyball, 78XD, EV 106.9 MPH), Distance : 417 ft
Pitching: LHP Ricardo de la Torre
Batting: RHB Adrian Bocker 0-0: Ball
1-0: Ground out 5-3 (Groundball, 56, EV 100.0 MPH)
Batting: RHB Hektor Luvian 0-0: Ball
1-0: Ball
2-0: Foul Ball, location: 2F
2-1: Swinging Strike
2-2: Foul Ball, location: 2F
2-2: Foul Ball, location: 2F
2-2: Strikes out swinging
Batting: RHB Torquato Uso 0-0: Called Strike
0-1: Ball
1-1: Ball
2-1: SINGLE (Groundball, 56S, EV 62.5 MPH) (infield hit)
Batting: RHB Terrell Smith 0-0: Ball
Torquato Uso steals 2nd base
1-0: Swinging Strike
1-1: Ball
2-1: Called Strike
2-2: Ball
3-2: Strikes out swinging
Top of the 6th over - 4 runs, 4 hits, 0 errors, 1 left on base; Miami (APP) 5 - San Diego (APP) 1
BOTTOM OF THE 6TH
San Diego (APP) Padres batting - Pitching for Miami (APP) Marlins : RHP Carlos Segura
Batting: RHB Eric McMillian 0-0: Ball
1-0: Called Strike
1-1: Foul Ball, location: 2F
1-2: Ball
2-2: DOUBLE (Line Drive, 3D, EV 95.0 MPH)
Batting: RHB Phil McFadden 0-0: Foul Ball, location: 2F
0-1: Swinging Strike
0-2: Ball
1-2: Strikes out looking
Batting: RHB Norinaga Yamakawakamatsu 0-0: 2-RUN HOME RUN (Flyball, 7LD, EV 91.9 MPH), Distance : 359 ft
Batting: RHB Max Stillo 0-0: Called Strike
0-1: SINGLE (Groundball, 34D, EV 109.4 MPH)
Batting: LHB Gary Corrales 0-0: Ball
1-0: Ball
2-0: Ball
3-0: Base on Balls
Max Stillo to second
Batting: RHB Gabriel Diaz 0-0: Ball
1-0: Foul Ball, location: 2F
1-1: Called Strike
1-2: Foul Ball, location: 2F
1-2: Foul Ball, location: 2F
1-2: Hit by Pitch
Max Stillo to third
Gary Corrales to second
Pitching: RHP Freddie Robe
Batting: RHB Alex Collazo 0-0: Ball
1-0: Ball
2-0: Ball
3-0: Base on Balls
Max Stillo scores
Gary Corrales to third
Gabriel Diaz to second
Batting: RHB Adrian Cook 0-0: Ball
1-0: Ball
2-0: Foul Ball, location: 2F
2-1: Ball
3-1: Base on Balls
Gary Corrales scores
Gabriel Diaz to third
Alex Collazo to second
Batting: LHB Justin Daley 0-0: Ground out 4-3 (Groundball, 4S, EV 70.0 MPH)
Gabriel Diaz scores
Alex Collazo to third
Adrian Cook to second
Batting: RHB Eric McMillian 0-0: Called Strike
0-1: Foul Ball, location: 2F
0-2: Ball
1-2: Ball
2-2: Ball
3-2: Ground out 4-3 (Groundball, 4S, EV 69.4 MPH)
Bottom of the 6th over - 5 runs, 3 hits, 0 errors, 2 left on base; Miami (APP) 5 - San Diego (APP) 6
TOP OF THE 7TH
Miami (APP) Marlins batting - Pitching for San Diego (APP) Padres : LHP Ricardo de la Torre
Batting: RHB Clark Meagher 0-0: SINGLE (Groundball, 56D, EV 102.5 MPH)
Pinch Hitting: RHB Axel Moltke 0-0: Foul Ball, location: 2F
0-1: Ball
1-1: Ball
2-1: Foul Ball, location: 2F
2-2: Fly out, F4 (Line Drive, 4, EV 63.8 MPH)
Batting: RHB David Martin 0-0: Called Strike
0-1: Foul Ball, location: 2F
0-2: Ball
1-2: Ball
2-2: Fly out, F8 (Line Drive, 8RM, EV 93.1 MPH)
Batting: RHB Kazumi Inouye 0-0: Ball
1-0: Called Strike
1-1: Ground out 4-3 (Groundball, 34, EV 96.2 MPH)
Top of the 7th over - 0 runs, 1 hit, 0 errors, 1 left on base; Miami (APP) 5 - San Diego (APP) 6
BOTTOM OF THE 7TH
San Diego (APP) Padres batting - Pitching for Miami (APP) Marlins : RHP Freddie Robe
Now in LF: Aaron Mamer
Batting: RHB Phil McFadden 0-0: Ball
1-0: Ball
2-0: Ball
3-0: Base on Balls
Batting: RHB Norinaga Yamakawakamatsu 0-0: Called Strike
Phil McFadden steals 2nd base
0-1: Ball
1-1: Intentional Walk
Pitching: LHP Marco Mendez
Batting: RHB Max Stillo 0-0: Ball
1-0: Swinging Strike
1-1: Fly out, F7 (Flyball, 7D, EV 81.9 MPH)
Runner from 2nd tags up, SAFE at 3rd, no throw by LF
Batting: LHB Gary Corrales 0-0: Swinging Strike
0-1: Swinging Strike
0-2: Foul Ball, location: 2F
0-2: Strikes out swinging
Batting: RHB Gabriel Diaz 0-0: Fly out, F9 (Flyball, 89S, EV 90.6 MPH)
Bottom of the 7th over - 0 runs, 0 hits, 0 errors, 2 left on base; Miami (APP) 5 - San Diego (APP) 6
TOP OF THE 8TH
Miami (APP) Marlins batting - Pitching for San Diego (APP) Padres : LHP Ricardo de la Torre
Batting: RHB Robbie Gomez 0-0: Ball
1-0: Called Strike
1-1: Ball
2-1: Foul Ball, location: 2F
2-2: Strikes out looking
Batting: RHB Adrian Bocker 0-0: Ball
1-0: Called Strike
1-1: Called Strike
1-2: Foul Ball, location: 2F
1-2: Strikes out swinging
Batting: RHB Hektor Luvian 0-0: Called Strike
0-1: Swinging Strike
0-2: Fly out, F9 (Line Drive, 9, EV 91.2 MPH)
Top of the 8th over - 0 runs, 0 hits, 0 errors, 0 left on base; Miami (APP) 5 - San Diego (APP) 6
BOTTOM OF THE 8TH
San Diego (APP) Padres batting - Pitching for Miami (APP) Marlins : LHP Marco Mendez
Batting: RHB Alex Collazo 0-0: Called Strike
0-1: Foul Ball, location: 2F
0-2: Strikes out swinging
Batting: RHB Adrian Cook 0-0: Fly out, F9 (Flyball, 9D, EV 103.1 MPH)
Batting: LHB Justin Daley 0-0: Ball
1-0: Ground out 5-3 (Groundball, 56S, EV 83.1 MPH)
Bottom of the 8th over - 0 runs, 0 hits, 0 errors, 0 left on base; Miami (APP) 5 - San Diego (APP) 6
TOP OF THE 9TH
Miami (APP) Marlins batting - Pitching for San Diego (APP) Padres : LHP Ricardo de la Torre
Pitching: RHP Chris Pisor
Now at 1B: Ricardo Ortiz
Now at 2B: Brian DeVoe
Now at 3B: Max Stillo
Batting: RHB Torquato Uso 0-0: Ball
1-0: Ball
2-0: Called Strike
2-1: Ball
3-1: Single, Error in OF, E8, batter to second base (Line Drive, 6D, EV 100.0 MPH)
Batting: RHB Terrell Smith 0-0: Swinging Strike
0-1: Foul Ball, location: 2F
0-2: Foul Ball, location: 2F
0-2: Strikes out swinging
Batting: RHB Clark Meagher 0-0: Ball
1-0: Ball
2-0: Called Strike
2-1: Ball
3-1: Base on Balls
Pinch Hitting: LHB Freddy Monge 0-0: Called Strike
0-1: Ball
1-1: Fly out, F8 (Flyball, 8RM, EV 83.8 MPH)
Batting: RHB David Martin 0-0: Ball
1-0: Swinging Strike
1-1: Foul Ball, location: 2F
1-2: Strikes out swinging
Top of the 9th over - 0 runs, 1 hit, 1 error, 2 left on base; Miami (APP) 5 - San Diego (APP) 6
Sunday, July 16th , 2023 - OOTP Baseball 24.6 Build 69